 Dungeon Crawl Stone Soup version 0.15-a0-60-g2d7d1c5 (webtiles) character file.

8037 4tharraofdagon the Cleaver (level 11, 0/100 HPs)
             Began as a Troll Fighter on Apr 6, 2014.
             Was a High Priest of Cheibriados.
             Slain by a five-headed hydra (12 damage)
             ... on Level 2 of the Lair of Beasts.
             The game lasted 00:34:13 (6541 turns).

4tharraofdagon the Cleaver (Troll Fighter)          Turns: 6541, Time: 00:34:13

HP   0/100       AC  6     Str 42      XL: 11   Next:  3%
MP  13/17        EV 16     Int 17      God: Cheibriados [*****.]
Gold 95          SH  0     Dex 22      Spells:  1 memorised, 10 levels left

rFire  . . .     SeeInvis .     K - +0 battleaxe
rCold  . . .     Clarity  +     b - +0 robe
rNeg   . . .     Conserve .     (shield restricted)
rPois  .         rCorr    .     (helmet restricted)
rElec  .         rRot     .     M - +0 cloak
SustAb . .       Spirit   .     (gloves unavailable)
rMut   .         Warding  .     (boots unavailable)
Gourm  +         Stasis   .     (no amulet)
MR     .....                    (no ring)
                                (no ring)

@: about to teleport, very slow, not resistant to hostile enchantments, fairly
stealthy
A: unfitting armour, claws 3, clarity, fast metabolism 3, gourmand, regeneration
2, saprovore 2, shaggy fur 1, tough skin 2
a: Bend Time, Temporal Distortion, Slouch, Step From Time, Renounce Religion


You were on level 2 of the Lair of Beasts.
You worshipped Cheibriados.
Cheibriados was extremely pleased with you.
You were very full.

You visited 3 branches of the dungeon, and saw 14 of its levels.
You also visited: Sewer.

You collected 673 gold pieces.
You spent 578 gold pieces at shops.

Inventory:

Hand weapons
 a - a +0,+0 war axe
 k - a +4,+1 flail of holy wrath
 q - a +0 blowgun
 z - a +1,+0 war axe
 K - a +0,+0 battleaxe (weapon)
Missiles
 r - 4 poisoned needles
 A - 2 throwing nets (quivered)
 S - 5 large rocks
Armour
 b - a +0 robe (worn)
 c - a +0 shield
 M - a +0 cloak (worn)
Magical devices
 L - a wand of lightning (3)
 O - a wand of draining (5)
 V - a wand of frost (8)
Comestibles
 d - 6 meat rations
 m - 11 bread rations
 J - a choko
 P - 6 beef jerkies
 T - 12 apples
Scrolls
 e - 2 scrolls of random uselessness {unknown}
 f - 7 scrolls of identify
 g - a scroll of vulnerability {unknown}
 i - 3 scrolls of immolation
 j - 4 scrolls of remove curse
 l - 5 scrolls of noise
 n - 3 scrolls of fog {unknown}
 p - a scroll of recharging {unknown}
 x - a scroll of acquirement {unknown}
 D - a scroll of enchant weapon I {unknown}
 E - a scroll of teleportation
 F - 3 scrolls of enchant weapon II
 G - 2 scrolls of enchant weapon III
 I - a scroll of amnesia {unknown}
 R - a scroll of brand weapon
 W - a scroll of enchant armour {unknown}
Jewellery
 s - the ring of the Manifold Nights {rF+ Stlth--}
   (You found it on level 8 of the Dungeon)

   [ring of protection from fire]

   It protects you from fire.
   It makes you much less stealthy.
Potions
 o - 2 potions of haste
 t - a potion of confusion
 u - a potion of paralysis
 v - 2 potions of flight
 w - 2 potions of brilliance
 H - a potion of curing
 N - a potion of heal wounds
 X - a potion of beneficial mutation
Books
 h - a book of Hinderance

   Spells                             Type                      Level
   Confusing Touch                    Hexes                        1
   Confuse                            Hexes                        3
   Petrify                            Transmutation/Earth          4
   Leda's Liquefaction                Hexes/Earth                  4
   Metabolic Englaciation             Hexes/Ice                    5
   Summon Mana Viper                  Hexes/Summoning              5
 B - a book of Envenomations

   Spells                             Type                      Level
   Spider Form                        Transmutation/Poison         3
   Poison Weapon                      Charms/Poison                3
   Alistair's Intoxication            Transmutation/Poison         4
   Olgreb's Toxic Radiance            Poison                       4
   Poisonous Cloud                    Conjuration/Poison/Air       6
 Q - a book of Spatial Translocations

   Spells                             Type                      Level
   *Apportation                       Translocation                1
   Blink                              Translocation                2
   Shroud of Golubria                 Charms/Translocation         2
   Portal Projectile                  Translocation                3
   Teleport Other                     Translocation                3
   Passage of Golubria                Translocation                4
Magical staves
 C - an uncursed staff of cold {unknown}
Miscellaneous
 U - a fan of gales


   Skills:
 - Level 4.0 Fighting
 * Level 10.5 Axes
 + Level 6.8 Dodging
   Level 2.4 Shields
 + Level 0.9 Spellcasting
 * Level 1.4 Translocations
 + Level 6.9 Invocations


You had 10 spell levels left.
You knew the following spells:

 Your Spells              Type           Power        Failure   Level  Hunger
a - Apportation           Tloc           #.........   14%         1    ##.....


Dungeon Overview and Level Annotations

Branches:
Dungeon (11/15)            Temple (1/1) D:5             Orc (0/4) D:10
   Lair (2/8) D:10

Altars:
Cheibriados
Makhleb
Sif Muna

Shops:
D:9 }:??

Annotations:
D:9 1 exclusion


Innate Abilities, Weirdness & Mutations

You are too large for most types of armour.
You have claws for hands.
Your metabolism is lightning-fast.
You like to eat raw meat.
You heal very quickly.
You can eat rotten meat.
You are covered in fur (AC +1).
You have very tough skin (AC +2).
You possess an exceptional clarity of mind.


Message History

The five-headed hydra bites you.
Read which item? (? for menu, Esc to quit)
As you read the scroll of teleportation, it crumbles to dust.
You feel strangely unstable. The five-headed hydra bites you!
The five-headed hydra bites you but does no damage.
The five-headed hydra bites you! x3
* * * LOW HITPOINT WARNING * * *
Unknown command.
Use which ability? (? or * to list)
Okay, then.
Use which ability? (? or * to list)
You warp the flow of time around you!
You feel somewhat less full.
Unknown command.
You see here a potion of beneficial mutation.
X - a potion of beneficial mutation The five-headed hydra completely misses you. x2
The five-headed hydra bites you.
* * * LOW HITPOINT WARNING * * *
The five-headed hydra bites you!
You die...

..:... ####......
.#........
#..........
..........#
###.......P#
#....%.....##
###........>..#
#.....D@..##.##
###........#.#
###..........#
##.#.......P### #
##..........## .#
##...........# #
####..........###
###............##
##..#............##


You could see a five-headed hydra.

Vanquished Creatures
  Joseph (D:7)
  A black mamba (Lair:2)
  A spiny frog (Lair:2)
  Grinder (D:3)
  A two-headed ogre (D:8)
  10 yaks
  A hippogriff (Lair:2)
  Eustachio (D:7)
  2 wyverns (D:10)
  A steam dragon (D:9)
  2 hungry ghosts
  A hill giant skeleton (D:8)
  Edmund (D:5)
  A water moccasin (Lair:2)
  3 orc warriors
  A yellow wasp (D:9)
  3 black bears
  A sky beast (D:8)
  An ice beast (D:7)
  A centaur (D:10)
  3 ogres
  Duvessa (D:7)
  A crocodile (D:8)
  3 giant frogs
  Blork the orc (D:7)
  3 scorpions
  3 killer bees (D:7)
  9 wights
  2 goliath beetles
  Dowan (D:7)
  5 crimson imps
  2 quasits (D:7)
  2 big fish (Sewer)
  2 giant frog skeletons
  6 orc priests
  3 iguanas
  An iron imp (D:7)
  4 orc wizards
  11 worker ants
  8 gnolls
  13 adders
  2 shadow imps
  An orc skeleton (D:8)
  8 giant mites
  2 ufetubi (D:7)
  6 worms
  An iguana skeleton (D:7)
  3 giant eyeballs
  4 giant geckos
  4 oozes (Sewer)
  30 orcs
  6 giant cockroaches
  6 goblins
  7 hobgoblins
  21 jackals
  10 kobolds
  7 quokkas
  A ball python (D:4)
  A ball python skeleton (D:5)
  14 bats
  3 giant newts
  2 hobgoblin zombies
  A jackal skeleton (D:4)
  17 rats
276 creatures vanquished.

Vanquished Creatures (others)
  A plant (Lair:2)
1 creature vanquished.

Grand Total: 277 creatures vanquished

Notes
Turn   | Place    | Note
--------------------------------------------------------------
     0 | D:1      | 4tharraofdagon, the Troll Fighter, began the quest for the Orb.
     0 | D:1      | Reached XP level 1. HP: 22/22 MP: 1/1
   172 | D:2      | Reached XP level 2. HP: 22/29 MP: 1/1
   377 | D:3      | Noticed Grinder
   393 | D:3      | HP: 1/29 [Grinder (7)]
   399 | D:3      | Killed Grinder
   399 | D:3      | Reached skill level 3 in Fighting
   399 | D:3      | Reached skill level 4 in Axes
   399 | D:3      | Reached XP level 3. HP: 19/39 MP: 2/2
   399 | D:3      | Reached XP level 4. HP: 23/48 MP: 2/2
   399 | D:3      | Reached XP level 5. HP: 25/54 MP: 2/2
   506 | D:3      | Reached XP level 6. HP: 62/62 MP: 3/3
   836 | D:5      | Entered Level 5 of the Dungeon
   836 | D:5      | Found a staircase to the Ecumenical Temple.
   898 | Temple   | Entered the Ecumenical Temple
   916 | Temple   | Became a worshipper of Cheibriados the Contemplative
  1043 | D:5      | Noticed Edmund
  1063 | D:5      | Killed Edmund
  1063 | D:5      | Reached skill level 5 in Axes
  1063 | D:5      | Reached skill level 1 in Invocations
  1063 | D:5      | Reached XP level 7. HP: 70/70 MP: 3/4
  1104 | D:5      | Gained mutation: You evolve. [potion of beneficial mutation]
  1301 | D:5      | Found a glowing drain.
  1305 | Sewer    | Entered a sewer
  1818 | D:4      | Paralysed by a giant eyeball for 2 turns
  1862 | D:4      | Found a burning altar of Makhleb.
  1999 | D:5      | Found a burning altar of Makhleb.
  2116 | D:6      | Noticed a yak
  2200 | D:6      | Reached skill level 6 in Axes
  2255 | D:7      | Reached XP level 8. HP: 57/78 MP: 6/6
  2281 | D:6      | Noticed a yak
  2282 | D:6      | Noticed a yak
  2282 | D:6      | Noticed a yak
  2293 | D:6      | Killed a yak
  2303 | D:6      | Killed a yak
  2408 | D:6      | Killed a yak
  2408 | D:6      | Reached skill level 7 in Axes
  2420 | D:6      | Killed a yak
  2494 | D:7      | Noticed Joseph
  2494 | D:7      | Noticed Eustachio
  2626 | D:7      | Noticed Blork the orc
  2630 | D:7      | Killed Blork the orc
  2630 | D:7      | Acquired Cheibriados' first power
  2692 | D:8      | Paralysed by a giant eyeball for 3 turns
  2740 | D:8      | Reached XP level 9. HP: 68/84 MP: 10/10
  2996 | D:7      | Noticed Duvessa
  3015 | D:7      | Killed Duvessa
  3027 | D:7      | Noticed Dowan
  3051 | D:7      | Killed Dowan
  3133 | D:8      | Got a wavering lapis lazuli ring
  3139 | D:8      | Reached skill level 8 in Axes
  3140 | D:8      | Identified the ring of the Manifold Nights {rF+ Stlth--} (You found it on level 8 of the Dungeon)
  3220 | D:8      | Found a deep blue altar of Sif Muna.
  3256 | D:8      | Noticed a two-headed ogre
  3264 | D:8      | Killed a two-headed ogre
  3264 | D:8      | Reached skill level 5 in Dodging
  3274 | D:8      | Acquired Cheibriados' second power
  3314 | D:8      | Reached skill level 5 in Invocations
  3408 | D:9      | Found Keabrei's Book Shop.
  3411 | D:9      | Found Klep's Magic Scroll Shoppe.
  3417 | D:9      | Bought a scroll of enchant weapon II for 66 gold pieces
  3417 | D:9      | Bought a scroll of enchant weapon III for 240 gold pieces
  3417 | D:9      | Bought a scroll of identify for 24 gold pieces
  3417 | D:9      | Bought a scroll of noise for 12 gold pieces
  3417 | D:9      | Bought a scroll of remove curse for 36 gold pieces
  3421 | D:9      | Paralysed by a giant eyeball for 3 turns
  3429 | D:9      | Found Boygakoq's Magic Scroll Boutique.
  3604 | D:8      | HP: 1/84 [yak (13)]
  3618 | D:8      | Gained mutation: You possess an exceptional clarity of mind. [evolution]
  3618 | D:8      | Lost mutation: You evolve. [end of evolution]
  3696 | D:8      | Reached skill level 9 in Axes
  3789 | D:9      | Reached XP level 10. HP: 50/92 MP: 13/13
  3797 | D:9      | Acquired Cheibriados' third power
  4044 | D:9      | Found Igulirr's Gadget Shop.
  4123 | D:10     | Entered Level 10 of the Dungeon
  4719 | D:9      | Noticed a soul eater
  4893 | D:7      | Found a deep blue altar of Sif Muna.
  4911 | D:7      | Killed Joseph
  4911 | D:7      | Reached skill level 10 in Axes
  4964 | D:7      | Killed Eustachio
  5141 | D:7      | Learned a level 1 spell: Apportation
  5392 | D:9      | Bought a scroll of brand weapon for 200 gold pieces
  5698 | D:10     | Found a staircase to the Orcish Mines.
  5705 | D:10     | Found a staircase to the Lair.
  5714 | Lair:1   | Entered Level 1 of the Lair of Beasts
  6106 | Lair:1   | WTF
  6126 | Lair:2   | Noticed a black mamba
  6155 | Lair:2   | Killed a black mamba
  6155 | Lair:2   | Reached skill level 1 in Translocations
  6371 | Lair:2   | HP: 2/92 [spiny frog (22)]
  6372 | Lair:2   | Reached XP level 11. HP: 2/100 MP: 11/17
  6535 | Lair:2   | Noticed a five-headed hydra
  6541 | Lair:2   | Slain by a five-headed hydra

Action                   |  1- 3 |  4- 6 |  7- 9 | 10-12 || total
-------------------------+-------+-------+-------+-------++-------
Melee: War axe           |    51 |   115 |   437 |    60 ||   663
       Battleaxe         |       |       |       |   184 ||   184
Throw: Throwing net      |       |       |     5 |     1 ||     6
 Cast: Apportation       |       |       |       |     7 ||     7
Invok: Slouch            |       |       |       |     3 ||     3
       Temporal Distorti |       |       |       |     1 ||     1
Evoke: Wand              |       |       |       |     3 ||     3
  Use: Potion            |     4 |     1 |     3 |     4 ||    12
       Scroll            |       |     2 |    17 |     6 ||    25
 Stab: Invisible         |       |       |     1 |       ||     1
       Sleeping          |       |       |       |     3 ||     3
